 Dungeon Crawl Stone Soup version 0.29.1-2-gbd0b4ee654 (webtiles) character file.

Game seed: 16806840827645792068

127 hawla the Firebug (level 5, -10/39 HPs)
             Began as a Meteoran Fire Elementalist on Oct 24, 2022.
             Mangled by an ogre
             ... wielding a +0 giant club
              (32 damage)
             ... on level 4 of the Dungeon.
             The game lasted 00:06:16 (739 turns).

hawla the Firebug (Meteoran Fire Elementalist)       Turns: 739, Time: 00:06:16

Health: -10/39     AC:  2    Str:  9    XL:     5   Next: 60%
Magic:  4/12       EV: 12    Int: 18    God:
Gold:   72         SH:  0    Dex: 15    Spells: 3/12 levels left

rFire   + . .      SeeInvis .   i - staff of fire
rCold   . . .      Faith    .   (no shield)
rNeg    . . .      Spirit   .   a - +0 robe
rPois   .          Reflect  .   (no helmet)
rElec   .          Harm     .   (no cloak)
rCorr   .          Rampage  .   (no gloves)
Will    .....                   (no boots)
Stlth   +.........              (no amulet)
HPRegen 0.13/turn               (no ring)
MPRegen 0.13/turn               (no ring)

@: about to teleport, very slightly contaminated, glowing
A: sense surroundings 1, otherworldly, glowing, explore regen
a: no special abilities


You were on level 4 of the Dungeon.
You visited 1 branch of the dungeon, and saw 3 of its levels.

You collected 72 gold pieces.

Inventory:

Armour
 a - a +0 robe (worn)
Magical Staves
 i - a staff of fire (weapon)
Potions
 b - a potion of magic
 c - a potion of berserk rage {unknown}
 d - 2 potions of heal wounds {unknown}
 e - a potion of attraction {unknown}
 h - a potion of invisibility {unknown}


   Skills:
 - Level 0.3 Fighting
 - Level 2.6 Dodging
 - Level 1.4 Stealth
 - Level 4.4 Spellcasting
 + Level 2.5 Conjurations
 + Level 5.0 Fire Magic


You had 3 spell levels left.
You knew the following spells:

 Your Spells              Type           Power      Damage    Failure   Level
a - Foxfire               Conj/Fire      100%       2x1d9     3%          1
b - Scorch                Fire           66%        2d8       2%          2
c - Searing Ray           Conj           24%        2d5       8%          2
d - Flame Wave            Conj/Fire      26%        2d8       30%         4

Your spell library contained the following spells:

 Spells                   Type           Power      Damage    Failure   Level
 Magic Dart               Conj           48%        1d5       4%          1
 Conjure Flame            Conj/Fire      26%        6-21      9%          3
 Inner Flame              Hex/Fire       19%        N/A       16%         3
 Fulminant Prism          Conj/Hex       4%         3d6       63%         4


Dungeon Overview and Level Annotations

Branches:
Dungeon (2/15) Zot: 1062

Altars:


Innate Abilities, Weirdness & Mutations

You passively map a small area around you.
You are easily found by Zot.
You glow in the dark.
You regain HP and MP as you explore.


Message History

Casting: Searing Ray (safe; 8% risk of failure)
Confirm with . or Enter, or press ? or * to list all spells.
You feel a surge of power!
You conjure some foxfire!
The foxfire hits the ogre.
The ogre is moderately wounded.
The foxfire hits the ogre.
The ogre is heavily wounded.
The foxfire hits the ogre but does no damage.
The ogre is heavily wounded.
Casting: Foxfire (safe; 3% risk of failure)
Confirm with . or Enter, or press ? or * to list all spells.
Aiming: Searing Ray (safe; 8% risk of failure)
Press: ? - help, Shift-Dir - straight line, f/p - ogre
Aim: an ogre, wielding a +0 giant club (heavily wounded, 89% to hit)
The searing ray hits the ogre.
The ogre is heavily wounded. (Press . to maintain the ray.) Unknown command.
Casting: Searing Ray (safe; 8% risk of failure)
Confirm with . or Enter, or press ? or * to list all spells.
The spell is extremely dangerous to miscast (30% risk of failure)!
Continue anyway?
Casting: Flame Wave (extremely dangerous; 30% risk of failure)
Press: ? - help, Dir - look around, f - activate You feel a surge of power!
You miscast Flame Wave.
You are very lightly contaminated with residual magic.
Nothing appears to happen.
The ogre hits you with a +0 giant club!
Unknown command.
Casting: Flame Wave (extremely dangerous; 30% risk of failure)
Confirm with . or Enter, or press ? or * to list all spells.
The spell is extremely dangerous to miscast (30% risk of failure)!
Continue anyway?
Okay, then.
As you read the scroll labelled ECZOPHA XEIN, it crumbles to dust.
It is a scroll of identify.
g - a scroll of teleportation The ogre barely misses you.
As you read the scroll of teleportation, it crumbles to dust.
You feel strangely unstable. The orc hits you with a +0 hand axe.
The ogre attacks as you move away!
The ogre hits you with a +0 giant club!!
Ouch! That really hurt!
You die...

#)........##
##.........#
#...<....##
##.......#
#......## *
##?.....#
*........##
, ...###...#
.## ##.@#
##Oo# * ,
#...# ,
##..# , !..*
#... , *#...
, , ..#. *


You could see an ogre and an orc.

Vanquished Creatures
  An ogre (D:4)
  A worm (D:2)
  A dart slug (D:1)
  2 ball pythons
  4 endoplasms
  A giant cockroach (D:1)
  3 goblins
  3 hobgoblins
  4 quokkas
  5 bats
  2 frilled lizards
  4 kobolds
  5 rats (D:1)
36 creatures vanquished.

Vanquished Creatures (others)
  75 foxfires
75 creatures vanquished.

Grand Total: 111 creatures vanquished

Notes
Turn   | Place    | Note
-------+----------+-------------------------------------------
     0 | D:1      | hawla the Meteoran Fire Elementalist began the quest for
                  | the Orb.
     0 | D:1      | Reached XP level 1. HP: 14/14 MP: 5/5
   105 | D:1      | Reached XP level 2. HP: 20/20 MP: 0/7
   137 | D:1      | Learned a level 2 spell: Scorch
   249 | D:1      | Reached skill level 4 in Fire Magic
   338 | D:1      | Reached XP level 3. HP: 25/26 MP: 0/8
   347 | D:1      | Found a faded altar of an unknown god.
   543 | D:2      | Learned a level 2 spell: Searing Ray
   651 | D:2      | Reached XP level 4. HP: 19/33 MP: 0/10
   651 | D:2      | You fall into a shaft and drop 2 floors!
   667 | D:4      | Noticed an ogre
   671 | D:4      | Killed an ogre
   672 | D:4      | Reached skill level 5 in Fire Magic
   672 | D:4      | Reached XP level 5. HP: 39/39 MP: 6/12
   677 | D:4      | Learned a level 4 spell: Flame Wave
   729 | D:4      | Noticed an ogre
   739 | D:4      | Mangled by an ogre

Illustrated notes

Levels and vault maps discovered:
D:1:      dpeg_arrival_rooms_a, layout_basic,
          shapermc_ecumenical_altar_totnotflames, minmay_misc_feat_four_crosses
D:2:      layout_rooms, dk_noncrumbling_4, uniq_robin
D:4:      layout_layer_cave, nicolae_overflow_two_pavilions,
          minmay_temple_entry_proselytizer, uniq_edmund

Skill      XL: |  1  2  3  4 |
---------------+-------------+-----
Spellcasting   | 3 4 |  4.4
Fire Magic     | 4 5 |  5.0
Conjurations   | 2 |  2.5
Fighting       | |  0.3
Dodging        | |  2.6
Stealth        | |  1.4

Action                   |  1- 3 |  4- 6 || total
-------------------------+-------+-------++-------
Melee: Unarmed           |    19 |       ||    19
       Punch             |     1 |       ||     1
 Cast: Foxfire           |    34 |     9 ||    43
       Scorch            |     7 |       ||     7
       Searing Ray       |     5 |     2 ||     7
  Use: Scroll            |     3 |     2 ||     5
Armor: Robe              |     7 |       ||     7
Dodge: Dodged            |    27 |     1 ||    28
